 Dungeon Crawl Stone Soup version 0.31-a0-1540-g5a0b83f448 (webtiles) character file.

Game seed: 8407446276023461614

424 voltaire321 the Apothecary (level 6, -1/67 HPs)
             Began as a Demonspawn Alchemist on Jan 1, 2024.
             Slain by a killer bee (7 damage)
             ... on level 4 of the Dungeon.
             The game lasted 00:13:40 (3640 turns).

voltaire321 the Apothecary (Demonspawn Alchemist)   Turns: 3640, Time: 00:13:41

Health: -1/67      AC: 23    Str: 10    XL:     6   Next: 64%
Magic:  10/10      EV:  2    Int: 15    God:
Gold:   228        SH:  0    Dex: 14    Spells: 8/11 levels left

rFire   . . .        r - +0 trident (venom)
rCold   . . .        (no shield)
rNeg    . . .        p - melded +0 pearl dragon scales
rPois   +            i - melded +0 helmet
rElec   .            k - melded +1 cloak
rCorr   .            (gloves currently unavailable)
SInv    +            (boots currently unavailable)
Will    +....        v - amulet of magic regeneration
Stlth   ++           s - ring of see invisible
HPRegen 0.31/turn    (no ring)
MPRegen 0.52/turn

%: no passive effects
@: tree-form, enlightened, studying Long Blades
A: stationary, stasis, torment immunity, boosted hp, (molten scales 2), demonic
guardian 1
a: no special abilities


You were on level 4 of the Dungeon.
You were a tree.
You visited 1 branch of the dungeon, and saw 4 of its levels.

You collected 228 gold pieces.

Inventory:

Hand Weapons
 r - a +0 trident of venom (weapon)
Missiles
 f - 4 throwing nets
Armour
 i - a +0 helmet (melded)
 k - a +1 cloak (melded)
 p - +0 pearl dragon scales (melded)
Jewellery
 s - a ring of see invisible (left branch)
 v - an amulet of magic regeneration (around neck)
Wands
 a - a wand of quicksilver (4)
Scrolls
 c - 2 scrolls of amnesia {unknown}
 d - a scroll of fog {unknown}
 g - 4 scrolls of identify {unknown}
 h - a scroll of teleportation {unknown}
 m - a scroll of acquirement {unknown}
 q - a scroll of butterflies {unknown}
 x - a scroll of blinking {unknown}
Potions
 b - a potion of magic
 l - a potion of mutation {unknown}
 n - a potion of attraction {unknown}
 t - a potion of might {unknown}
 u - a potion of haste {unknown}
 w - a potion of brilliance {unknown}


   Skills:
 + Level 2.3 Fighting
 + Level 2.1 Armour
 + Level 3.0 Dodging
 - Level 1.7 Stealth
 + Level 3.1 Spellcasting
 + Level 2.6 Conjurations
 + Level 1.3 Air Magic
 + Level 4.0 Alchemy


You had 8 spell levels left.
You knew the following spells:

 Your Spells              Type           Power      Damage    Failure   Level
a - Sting                 Conj/Alch      48%        1d6       4%          1
b - Mercury Vapours       Alch/Air       20%        N/A       10%         2

Your spell library contained the following spells:

 Spells                   Type           Power      Damage    Failure   Level
 Foxfire                  Conj/Fire      24%        2x1d5     12%         1
 Mephitic Cloud           Conj/Alch/Air  10%        N/A       21%         3
 Olgreb's Toxic Radiance  Alch           14%        N/A       36%         4
 Sticky Flame             Fire/Alch      8%         2d4       65%         4
 Plasma Beam              Fire/Air       2%         2x1d12    100%        6
 Starburst                Conj/Fire      3%         6d3       100%        6


Dungeon Overview and Level Annotations

Branches:
Dungeon (4/15)             Temple (0/1) D:4

Altars:
Ashenzari
Dithmenos
Gozag

Shops:
D:4 !(

Annotations:
D:4 1 transporter, foxglove's ghost, amateur DjSh


Innate Abilities, Weirdness & Mutations

You are a tree.
Your roots penetrate the ground, keeping you stationary.
You cannot be teleported.
You are immune to unholy pain and torment.
Your maximum health is greatly increased.
Your equipment is partially melded.
((You are mostly covered in molten scales. (AC +3)))
A weak demonic guardian rushes to your aid.


Message History

The killer bee attacks as it pursues you!
The killer bee closely misses you.
The killer bee stings you but does no damage.
You hit the killer bee.
The killer bee is poisoned.
The killer bee is heavily wounded.
The killer bee stings you but does no damage.
Your shadow imp hits the killer bee.
The killer bee dies!
Your Armour skill increases to level 2!
Your Dodging skill increases to level 3!
Your Alchemy skill increases to level 4!
You hit the killer bee.
The killer bee is poisoned.
The killer bee is lightly wounded.
The killer bee stings you but does no damage.
The killer bee barely misses you.
Your shadow imp misses the killer bee.
The killer bee stings you but does no damage. x2
You hit the killer bee.
The killer bee looks even sicker.
The killer bee is heavily wounded.
The killer bee stings you but does no damage. x4
Your shadow imp gestures at the killer bee.
The killer bee writhes in agony!
The killer bee dies!
You barely miss the killer bee.
The killer bee stings you but does no damage. x2
Your shadow imp hits the killer bee but does no damage.
The killer bee stings you but does no damage. x2
Your shadow imp hits the killer bee.
You miss the killer bee.
The killer bee is lightly wounded.
The killer bee stings you but does no damage. x2
The killer bee stings you.
* * * LOW HITPOINT WARNING * * *
The killer bee stings you but does no damage.
Your shadow imp barely misses the killer bee.
The killer bee stings you but does no damage. x2
It was a potion of lignification.
You turn into a tree.
Your +1 cloak melds into your body.
Your +0 helmet melds into your body.
Your +0 pearl dragon scales melds into your body.
Your roots penetrate the ground.
The killer bee stings you!
You die...

...#... #. .......
..#.≈≈ ##$ #.....#
#####..#≈∩ ##..###..>..#
........≈.≈#.....#y....#
........#..#.##..y......
........##....#....###..
.......5####.)#.....# .
.......yy..†...)....#
.......♣#######.##....#
........# #..#.....#
........# ##...###)#
###.....# ##.# #.#
###.....## #.>##.#
.........# #..#.#
≈≈≈≈≈≈.≈.# #.#.#
.......≈.# ###..>.
.≈≈≈≈≈.≈.# #......


You could see 2 killer bees and a friendly shadow imp (summoned).

Vanquished Creatures
  A scorpion (D:4)
  2 killer bees (D:4)
  Crazy Yiuf (D:2)
  Terence (D:2)
  7 gnolls
  An adder (D:2)
  An orc (D:3)
  A ribbon worm (D:3)
  8 ball pythons
  3 endoplasms
  A giant cockroach (D:2)
  5 goblins
  7 hobgoblins
  8 jackals
  4 quokkas
  4 bats (D:1)
  A frilled lizard (D:1)
  4 kobolds
  6 rats
66 creatures vanquished.

Vanquished Creatures (collateral kills)
  2 killer bees (D:4)
2 creatures vanquished.

Grand Total: 68 creatures vanquished

Notes
Turn   | Place    | Note
-------+----------+-------------------------------------------
     0 | D:1      | voltaire321 the Demonspawn Alchemist began the quest for
                  | the Orb.
     0 | D:1      | Reached XP level 1. HP: 13/13 MP: 3/3
   154 | D:1      | Gained mutation: You are partially covered in molten
                  | scales. (AC +2) [demonic ancestry]
   154 | D:1      | Reached XP level 2. HP: 19/19 MP: 3/5
  1134 | D:2      | Gained mutation: You are mostly covered in molten scales.
                  | (AC +3) [demonic ancestry]
  1134 | D:2      | Reached XP level 3. HP: 16/25 MP: 1/6
  1373 | D:2      | Found a runed translucent door.
  1374 | D:2      | Noticed Crazy Yiuf
  1579 | D:2      | Noticed Terence
  1598 | D:2      | Reached skill level 1 in Fighting
  1598 | D:2      | Killed Terence
  1599 | D:2      | Reached skill level 1 in Armour
  1599 | D:2      | Reached XP level 4. HP: 14/32 MP: 2/7
  1677 | D:2      | You fall into a shaft and drop 1 floor!
  2136 | D:2      | Learned a level 2 spell: Mercury Vapours
  2615 | D:2      | Killed Crazy Yiuf
  2616 | D:2      | Gained mutation: A weak demonic guardian rushes to your
                  | aid. [demonic ancestry]
  2616 | D:2      | Reached XP level 5. HP: 16/37 MP: 7/9
  2885 | D:3      | Found an opulent altar of Gozag.
  2886 | D:3      | Found a broken altar of Ashenzari.
  3012 | D:3      | Found a faded altar of an unknown god.
  3411 | D:4      | Noticed foxglove's ghost (amateur DjSh)
  3477 | D:4      | Found Deatroadu's Weapon Shop.
  3508 | D:4      | Found a transporter.
  3529 | D:4      | Found a shadowy altar of Dithmenos.
  3573 | D:4      | Found Noas's Distillery.
  3574 | D:4      | Found a staircase to the Ecumenical Temple.
  3611 | D:4      | Reached skill level 1 in Air Magic
  3611 | D:4      | Reached XP level 6. HP: 35/44 MP: 10/10
  3636 | D:4      | Reached skill level 4 in Alchemy
  3640 | D:4      | Slain by a killer bee

Illustrated notes

Levels and vault maps discovered:
D:1:      reono_arrival_forest_river, layout_loops_ring
D:2:      layout_loops_corners, grunt_decor_arrowhead,
          nicolae_elevator_lobby_asterisk, uniq_terence, uniq_crazy_yiuf_cottage
D:3:      layout_basic, minitemple, ebering_ecumenical_altar_mist
D:4:      minmay_wonky_spiral, layout_basic,
          grunt_temple_overflow_forces_of_nature,
          mainiacjoe_overflow_concentric_impassable, kiku_gazebo_garden_becter,
          nemelex_dance_club_becter, minmay_temple_entry_tees,
          gammafunk_ghost_arena, serial_shops, shop,
          nicolae_inconvenience_store, shop, nicolae_shop_tiny_waterfront, shop,
          uniq_ijyb

Skill      XL: |  1  2  3  4  5  6 |
---------------+-------------------+-----
Dodging        | 2 3 |  3.0
Fighting       | 1 2 |  2.3
Armour         | 1 2 |  2.1
Conjurations   | 2 |  2.6
Air Magic      | 1 |  1.3
Spellcasting   | 3 |  3.1
Alchemy        | 4 |  4.0
Stealth        | |  1.7

Action                     |  1- 3 |  4- 6 || total
---------------------------+-------+-------++-------
  Melee: Dagger            |    39 |       ||    39
         Unarmed           |     1 |       ||     1
         Trident           |       |   119 ||   119
   Cast: Sting             |    51 |    16 ||    67
    Use: Potion            |     1 |     4 ||     5
 Armour: Robe              |    36 |    21 ||    57
         Pearl dragon scal |       |   127 ||   127
         Skin              |       |     1 ||     1
  Dodge: Dodged            |    55 |    68 ||   123

Table legend: (Time is in decaauts)
 A = Elapsed time spent in this place.
 B = Non-inter-level travel time spent in this place.
 C = Inter-level travel time spent in this place.
 D = Time resting spent in this place.
 E = Time spent auto-exploring this place.
 F = Levels seen in this place.
 G = Mean time per level.
                   A        B        C        D        E       F      G
               +--------+--------+--------+--------+--------+-----+--------+
         Total |   3683 |   3472 |    211 |    395 |   2155 |   4 |  920.8 |
       Dungeon |   3683 |   3472 |    211 |    395 |   2155 |   4 |  920.8 |
               +--------+--------+--------+--------+--------+-----+--------+

Top non-repeatable levels by time:
     D:2: 1509 daAuts
     D:1: 1099 daAuts
     D:3: 822 daAuts
     D:4: 252 daAuts
